 Dungeon Crawl Stone Soup version 0.29-a0-298-g3c90f9a769 (webtiles) character file.

Game seed: 5607214126182577039

981 Dabor the Stinger (level 7, 0/36 HPs)
             Began as a Deep Elf Venom Mage on Mar 23, 2022.
             Was a Believer of the Shining One.
             Slain by a manticore (21 damage)
             ... on level 6 of the Dungeon.
             The game lasted 00:08:17 (6748 turns).

Dabor the Stinger (Deep Elf Venom Mage)             Turns: 6748, Time: 00:08:18

Health: 0/36       AC:  5    Str:  5    XL:     7   Next: 96%
Magic:  6/18       EV: 14    Int: 22    God:    the Shining One [**....]
Gold:   265        SH:  6    Dex: 15    Spells: 8/18 levels left

rFire   . . .      SeeInvis .   n - +1 short sword (venom)
rCold   . . .      Faith    .   (no shield)
rNeg    + . .      Spirit   .   a - +0 robe
rPois   .          Reflect  .   (no helmet)
rElec   .          Harm     .   (no cloak)
rCorr   .          Rampage  .   p - +2 pair of gloves
Will    .....                   (no boots)
Stlth   +.........              (no amulet)
HPRegen 0.12/turn               (no ring)
MPRegen 0.16/turn               (no ring)

@: divinely shielded, spiked, glowing
A: no striking features
a: Renounce Religion, Divine Shield


You were on level 6 of the Dungeon.
You worshipped the Shining One.
The Shining One was pleased with you.
You visited 1 branch of the dungeon, and saw 6 of its levels.

You collected 265 gold pieces.

Inventory:

Hand Weapons
 n - a +1 short sword of venom (weapon)
Armour
 a - a +0 robe (worn)
 p - a +2 pair of gloves (worn)
Jewellery
 g - a ring of fire
 x - a ring of ice
Scrolls
 c - a scroll of silence
 f - a scroll of blinking
 k - 2 scrolls of teleportation
 r - 2 scrolls of identify
 t - 4 scrolls of enchant weapon
 v - a scroll of magic mapping
 y - a scroll of holy word {unknown}
 z - a scroll of noise {unknown}
 A - a scroll of vulnerability {unknown}
Potions
 b - 2 potions of magic
 e - a potion of might {unknown}
 h - 2 potions of invisibility {unknown}
 i - 2 potions of attraction {unknown}
 j - a potion of resistance {unknown}
 l - 3 potions of flight {unknown}
 m - 2 potions of mutation {unknown}
 o - a potion of degeneration {unknown}
 q - a potion of cancellation {unknown}
 s - 2 potions of curing {unknown}
 u - a potion of brilliance {unknown}
 w - a potion of ambrosia {unknown}


   Skills:
 + Level 0.2 Fighting
 + Level 5.8 Dodging
 - Level 3.0 Stealth
 + Level 6.4 Spellcasting
 * Level 1.0 Hexes
 - Level 2.0 Transmutations
 + Level 7.5 Poison Magic


You had 8 spell levels left.
You knew the following spells:

 Your Spells              Type           Power      Damage    Failure   Level
a - Sting                 Tmut/Pois      100%       1d8       1%          1
b - Poisonous Vapours     Pois/Air       46%        N/A       2%          2
c - Olgreb's Toxic Radia  Pois           40%        N/A       3%          4
d - Tukima's Dance        Hex            11%        N/A       17%         3

Your spell library contained the following spells:

 Spells                   Type           Power      Damage    Failure   Level
 Mephitic Cloud           Conj/Pois/Air  18%        N/A       10%         3
 Dazzling Flash           Conj/Hex       18%        N/A       22%         3
 Alistair's Intoxication  Tmut/Pois      18%        N/A       34%         5
 Anguish                  Hex/Necr       4%         N/A       56%         4
 Eringya's Noxious Bog    Tmut/Pois      14%        N/A       88%         6
 Silence                  Hex/Air        4%         N/A       89%         5
 Agony                    Necr           7%         N/A       94%         5
 Borgnjor's Vile Clutch   Necr/Erth      3%         N/A       94%         5
 Enfeeble                 Hex            5%         N/A       100%        7


Dungeon Overview and Level Annotations

Branches:
Dungeon (6/15)
 Temple: D:4-7

Altars:
The Shining One

Shops:
D:5 :


Message History

The barbed spikes become lodged in your body.
* * * LOW HITPOINT WARNING * * *
Okay, then.
You feel much better.
The manticore flicks its tail.
The volley of spikes hits you!
The barbed spikes become lodged in your body.
The barbs in your skin will harm you if you move.
Continue?
The barbed spikes dig painfully into your body as you move.
Casting: Poisonous Vapours (safe; 2% risk of failure)
Confirm with . or Enter, or press ? or * to list all spells.
Aiming: Sting (safe; 1% risk of failure)
Press: ? - help, Shift-Dir - straight line, f/p - manticore
Aim: a manticore (heavily wounded, very poisoned, haloed, 90% to hit)
The sting hits the manticore but does no damage.
The manticore looks as sick as possible!
The manticore is heavily wounded.
The manticore barely misses you. The manticore misses you.
The manticore barely misses you.
Casting: Sting (safe; 1% risk of failure)
Confirm with . or Enter, or press ? or * to list all spells.
Aiming: Sting (safe; 1% risk of failure)
Press: ? - help, Shift-Dir - straight line, f/p - manticore
Aim: a manticore (heavily wounded, extremely poisoned, haloed, 90% to hit)
The sting hits the manticore.
The manticore looks as sick as possible!
The manticore is heavily wounded.
The manticore barely misses you. The manticore closely misses you.
The manticore barely misses you.
Casting: Sting (safe; 1% risk of failure)
Confirm with . or Enter, or press ? or * to list all spells.
Aiming: Sting (safe; 1% risk of failure)
Press: ? - help, Shift-Dir - straight line, f/p - manticore
Aim: a manticore (severely wounded, extremely poisoned, haloed, 90% to hit)
The sting hits the manticore.
The manticore looks as sick as possible!
The manticore is severely wounded.
The manticore bites you!!
Ouch! That really hurt!
You die...

#.#.## ##.#.#
#.#.## ###.>#+#
.##)#.##
##.......
..##H#.##
##..##....
#..##.#.##
##..###....
#..##.#.##
##..## #....
#..##.#.###..##
#....
#..##H..#..##
#....
#..@.....##
#....
########## ....


You could see a manticore (extremely poisoned).

Vanquished Creatures
  A water moccasin (D:5)
  A sky beast (D:5)
  An ogre (D:5)
  2 scorpions (D:4)
  A jelly (D:5)
  2 hounds
  2 orc wizards (D:5)
  Jessica (D:3)
  4 iguanas
  Natasha (thrice) (D:3)
  7 gnolls
  7 adders
  A white imp (D:5)
  2 ufetubi
  2 worms (D:2)
  A dart slug (D:4)
  7 orcs
  2 bats (D:2)
  9 endoplasms
  A giant cockroach (D:2)
  7 goblins
  6 hobgoblins
  4 jackals (D:4)
  9 kobolds
  3 quokkas
  2 ball pythons
  2 frilled lizards (D:2)
  7 rats
97 creatures vanquished.

Notes
Turn   | Place    | Note
-------+----------+-------------------------------------------
     0 | D:1      | Dabor the Deep Elf Venom Mage began the quest for the Orb.
     0 | D:1      | Reached XP level 1. HP: 10/10 MP: 6/6
   466 | D:1      | Found a faded altar of an unknown god.
   633 | D:1      | Prayed at the altar of an unknown god.
   633 | D:1      | Became a worshipper of the Shining One
   633 | D:1      | Reached * piety under the Shining One
   689 | D:2      | Reached XP level 2. HP: 15/15 MP: 6/8
  1032 | D:2      | Reached XP level 3. HP: 9/19 MP: 3/9
  1747 | D:2      | Reached skill level 4 in Poison Magic
  2118 | D:3      | Reached XP level 4. HP: 21/24 MP: 7/11
  2374 | D:3      | Noticed Jessica
  2374 | D:3      | Reached ** piety under the Shining One
  2379 | D:3      | Killed Jessica
  2749 | D:3      | Noticed Natasha
  2756 | D:3      | Killed Natasha
  2757 | D:3      | Reached XP level 5. HP: 22/28 MP: 9/13
  3151 | D:3      | Noticed Natasha
  3158 | D:3      | Killed Natasha
  3464 | D:3      | Noticed Natasha
  3470 | D:3      | Killed Natasha
  3471 | D:3      | Reached skill level 5 in Poison Magic
  3749 | D:4      | Reached XP level 6. HP: 32/32 MP: 12/15
  3952 | D:4      | Learned a level 2 spell: Poisonous Vapours
  3957 | D:4      | Learned a level 4 spell: Olgreb's Toxic Radiance
  4331 | D:4      | Reached skill level 5 in Spellcasting
  4447 | D:4      | Reached skill level 6 in Poison Magic
  5107 | D:5      | Entered Level 5 of the Dungeon
  5240 | D:5      | Found Dusioch's Book Emporium.
  5292 | D:5      | Noticed a water moccasin
  5300 | D:5      | Killed a water moccasin
  5301 | D:5      | Reached skill level 5 in Dodging
  5301 | D:5      | Reached XP level 7. HP: 22/36 MP: 9/17
  5853 | D:5      | Reached skill level 7 in Poison Magic
  6419 | D:6      | Learned a level 3 spell: Tukima's Dance
  6539 | D:6      | Reached skill level 1 in Hexes
  6551 | D:6      | Noticed an air elemental
  6729 | D:6      | Noticed a manticore
  6748 | D:6      | Slain by a manticore

Illustrated notes

Levels and vault maps discovered:
D:1:      elethiomel_arrival_maze, layout_basic,
          hellmonk_ecumenical_altar_zigzags
D:2:      layout_basic
D:3:      layout_basic, uniq_jessica, uniq_natasha
D:4:      layout_layer_cave
D:5:      layout_loops_ring, serial_shops, kennysheep_little_box
D:6:      minmay_inner_zag, layout_basic, nicolae_qazlal_style_of_elements,
          minmay_temple_entry_gardened_gates, serial_shops, shop,
          sigmund_edmund_badplayer, uniq_edmund

Skill      XL: |  1  2  3  4  5  6  7 |
---------------+----------------------+-----
Stealth        | 3 |  3.0
Dodging        | 3 4 5 |  5.8
Transmutations | 2 |  2.0
Poison Magic   | 4 5 6 7 |  7.5
Spellcasting   | 4 5 6 |  6.4
Hexes          | 1 |  1.0
Fighting       | |  0.2

Action                   |  1- 3 |  4- 6 |  7- 9 || total
-------------------------+-------+-------+-------++-------
Melee: Unarmed           |     4 |       |       ||     4
       Short sword       |       |    12 |     5 ||    17
 Cast: Sting             |    71 |   109 |    59 ||   239
       Poisonous Vapours |       |     4 |     4 ||     8
       Olgreb's Toxic Ra |       |     4 |     2 ||     6
Invok: Divine Shield     |       |       |     1 ||     1
  Use: Potion            |     2 |       |     1 ||     3
       Scroll            |       |     5 |       ||     5
Armor: Robe              |     9 |     7 |    10 ||    26
Dodge: Dodged            |    29 |    49 |    43 ||   121

Table legend: (Time is in decaauts)
 A = Elapsed time spent in this place.
 B = Non-inter-level travel time spent in this place.
 C = Inter-level travel time spent in this place.
 D = Time resting spent in this place.
 E = Time spent auto-exploring this place.
 F = Levels seen in this place.
 G = Mean time per level.
                   A        B        C        D        E       F      G
               +--------+--------+--------+--------+--------+-----+--------+
         Total |   6749 |   6099 |    650 |      0 |   5367 |   6 | 1124.8 |
       Dungeon |   6749 |   6099 |    650 |      0 |   5367 |   6 | 1124.8 |
               +--------+--------+--------+--------+--------+-----+--------+

Top non-repeatable levels by time:
     D:4: 1610 daAuts
     D:3: 1531 daAuts
     D:5: 1340 daAuts
     D:2: 1197 daAuts
     D:1: 768 daAuts
     D:6: 301 daAuts
